 Dungeon Crawl Stone Soup version 0.23-a0-837-ga3e6480 (console) character file.

21 bli the Skirmisher (level 3, -1/29 HPs)
             Began as a Formicid Abyssal Knight on Jan 24, 2019.
             Was a Follower of Lugonu.
             Killed from afar by a dart slug (6 damage)
             ... with a slug dart
             ... on level 1 of the Dungeon.
             The game lasted 00:02:17 (599 turns).

bli the Skirmisher (Formicid Abyssal Knight)         Turns: 599, Time: 00:02:18

Health: -1/29      AC:  3    Str: 17    XL:     3   Next: 2%
Magic:  4/4        EV: 11    Int: 11    God:    Lugonu [*.....]
Gold:   51         SH:  0    Dex: 10    Spells: 2/2 levels left

rFire    . . .     SeeInvis +   a - +1 hand axe
rCold    . . .     Gourm    .   (no shield)
rNeg     . . .     Faith    .   b - +0 leather armour
rPois    .         Spirit   .   (helmet unavailable)
rElec    .         Reflect  .   (no cloak)
rCorr    .         Harm     .   (no gloves)
MR       .....                  (no boots)
Stlth    +.........             (no amulet)
HPRegen  0.09/turn              (no ring)
MPRegen  0.09/turn              (no ring)

@: no status effects
A: permanent stasis, dig shafts and tunnels, four strong arms, antennae 3
a: Dig, Shaft Self, Depart the Abyss, Renounce Religion


You were on level 1 of the Dungeon.
You worshipped Lugonu.
Lugonu was aware of your devotion.
You were not hungry.

You visited 1 branch of the dungeon, and saw 1 of its levels.
You visited the Abyss 1 time.

You collected 51 gold pieces.

Inventory:

Hand Weapons
 a - a +1 hand axe (weapon)
Missiles
 h - 6 stones (quivered)
 i - 9 sling bullets
Armour
 b - a +0 leather armour (worn)
 e - a +0 chain mail
Scrolls
 d - a scroll of random uselessness {unknown}
Potions
 g - a potion of ambrosia {unknown}
Comestibles
 c - 2 rations
 f - 3 chunks of flesh


   Skills:
 - Level 3.2 Fighting
 * Level 3.2 Axes
 - Level 2.1 Armour
 - Level 0.8 Dodging
 - Level 2.1 Invocations


You had 2 spell levels left.
You didn't know any spells.
Your spell library was empty.

Dungeon Overview and Level Annotations

Branches:
Dungeon (1/15)

Altars:


Innate Abilities, Weirdness & Mutations

You cannot be hasted, slowed, berserked, paralysed or teleported.
You can dig through walls and to a lower floor.
Your four strong arms can wield two-handed weapons with a shield.
You have a pair of large antennae on your head. (SInv)


Message History

The kobold is heavily wounded.
The kobold hits you with a +0 dagger.
* * * LOW HITPOINT WARNING * * *
Your leather armour prevents you from hitting the kobold.
The kobold is moderately wounded.
The kobold hits you with a +0 dagger.
* * * LOW HITPOINT WARNING * * *
You barely miss the kobold.
The kobold is moderately wounded.
The kobold hits you but does no damage.
You slash the kobold!
You kill the kobold!
Lugonu accepts your kill.
You have reached level 3!
Your experience leads to an increase in your attributes!
Increase (S)trength, (I)ntelligence, or (D)exterity?
You feel stronger. The dart slug launches a dart at you.
The slug dart hits you.
You die...

#.......##.#
#....#.##...
##......#####(......#
#.......## #........
#........# ###......
####........#### ###...#
...............# #....
.........#..#..#####...#
..(...#..#..#...........
.....w).(...)...........
.....#@.##.#...........
... #........#####....
...............# #...#
....####.####### #...#
.# #.# #...# #.# ...#
#.# .# ##


You could see a dart slug.

Vanquished Creatures
  2 dart slugs (D:1)
  A leopard gecko (D:1)
  A giant cockroach (D:1)
  2 jackals (D:1)
  A bat (D:1)
  2 frilled lizards (D:1)
  5 kobolds (D:1)
  2 rats (D:1)
16 creatures vanquished.

Notes
Turn   | Place    | Note
-------+----------+-------------------------------------------
     0 | Abyss:1  | bli the Formicid Abyssal Knight began the quest for the
                  | Orb.
     0 | Abyss:1  | Reached XP level 1. HP: 18/18 MP: 2/2
    73 | Abyss:2  | Found a corrupted altar of Lugonu.
    87 | Abyss:2  | Noticed a wretched star
   106 | Abyss:2  | Noticed a small abomination
   125 | Abyss:2  | Noticed a worldbinder
   126 | Abyss:2  | Noticed an ice beast
   129 | D:1      | Escaped the Abyss
   317 | D:1      | Reached * piety under Lugonu
   393 | D:1      | Reached XP level 2. HP: 11/24 MP: 3/3
   599 | D:1      | Reached XP level 3. HP: 5/29 MP: 4/4
   599 | D:1      | Killed from afar by a dart slug

Vault maps used:
D:1:      dpeg_arrival_tiny_c

Skill      XL: |  1  2 |
---------------+-------+-----
Axes           | 3 |  3.2
Fighting       | |  3.2
Armour         | |  2.1
Dodging        | |  0.8
Invocations    | |  2.1

Action                   || total
-------------------------++-------
Melee: Hand axe          ||    44
Invok: Depart the Abyss  ||     1
Armor: Leather armour    ||    17
Dodge: Dodged            ||    20

Table legend:
 A = Non-vault XP
 B = Vault XP
 C = Vault XP percentage of total XP
 D = Non-vault monster count
 E = Vault monster count
 F = Vault count percentage of total count
                 A         B        C        D         E       F
            +---------+---------+-------+---------+---------+-------
      Total |      30 |       0 |   0.0 |      16 |       0 |   0.0
            +---------+---------+-------+---------+---------+-------
        D:1 |      30 |       0 |   0.0 |      16 |       0 |   0.0
            +---------+---------+-------+---------+---------+-------
